Map: Croisement de Kairos EC

Players

Zinix

  • Race: Terran Terran
  • League: Diamond
  • Spawn Location: 11:00

Sorandom - Winner!

  • Race: Zerg Zerg
  • League: Diamond
  • Spawn Location: 5:00

VOD

Have the link to the VOD?

Description

Time

  • Played on: April 4, 2019, 7:40 p.m.
  • Length: 19:05
Show
View Real Time Build Order
Export as new Build Order

Zinix Terran 

Build Orders: Reaper Expand 

Get SALT Encoding   

  12  0:01  SCV  
  13  0:13  SCV  
  14  0:17  Supply Depot  
  14  0:25  SCV  
  15  0:38  SCV  
  15  0:40  Barracks  
  16  0:46  Refinery  
  16  0:50  SCV  
  17  1:03  SCV  
  18  1:15  SCV  
  19  1:28  Orbital Command  
  19  1:30  Reaper  
  20  1:41  Command Center  
  20  1:51  Supply Depot  
  20  1:53  SCV  
  21  2:01  Marine  
  22  2:10  SCV  
  22  2:12  Factory  
  22  2:14  Refinery  
  23  2:22  SCV  
  24  2:24  Barracks Reactor  
  24  2:34  SCV  
  24  2:51  SCV  
  24  3:02  Starport  
  24  3:10  Barracks Tech Lab  
  24  3:12  SCV  
  25  3:19  Hellion x2  
  29  3:24  Orbital Command  
  29  3:25  Supply Depot  
  29  3:27  SCV  
  29  3:30  Armory, Marine  
  31  3:42  Hellion  
  31  3:43  Hellion  
  31  3:48  SCV  
  36  3:50  Medivac  
  36  3:52  SCV  
  39  4:00  SCV  
  40  4:04  SCV  
  40  4:09  Hellion x2, Stimpack  
  45  4:16  Supply Depot  
  45  4:17  Marine  
  46  4:30  Command Center, Starport Reactor  
  46  4:43  Supply Depot  
  46  5:03  SCV x2  
  48  5:08  Medivac  
  50  5:15  SCV x2  
  50  5:19  Barracks  
  46  5:23  Barracks  
  46  5:26  Factory Tech Lab  
  46  5:28  SCV x2  
  48  5:31  Refinery  
  48  5:32  Refinery  
  48  5:33  Supply Depot  
  48  5:34  Supply Depot  
  41  5:46  Siege Tank  
  41  5:47  Medivac x2, Orbital Command  
  44  5:50  Marine  
  45  5:59  Barracks  
  45  6:01  SCV x2  
  47  6:07  Marine  
  48  6:13  SCV, Combat Shield  
  48  6:15  Barracks Reactor  
  49  6:24  SCV, Barracks Reactor  
  49  6:25  SCV  
  51  6:31  SCV  
  52  6:36  SCV  
  52  6:37  SCV  
  54  6:40  Engineering Bay, Marine  
  54  6:41  Engineering Bay  
  54  6:43  SCV  
  56  6:48  SCV  
  56  6:49  SCV  
  58  6:54  Barracks  
  58  6:58  Marine  
  58  7:00  Marine x3  
  58  7:01  Marine x2  
  64  7:03  Siege Tank  
  67  7:08  Terran Infantry Weapons Level 1  
  67  7:09  Terran Infantry Armor Level 1  
  67  7:13  SCV  
  67  7:15  Orbital Command  
  68  7:16  Marine  
  68  7:20  SCV  
  68  7:21  Factory, Marine  
  68  7:22  Marine x5  
  76  7:25  SCV  
  77  7:34  Marine  
  78  7:37  Siege Tank  
  78  7:38  Medivac x2  
  78  7:39  Marine  
  78  7:40  Marine x5  
  91  7:48  Missile Turret, Barracks Reactor  
  91  7:50  Missile Turret  
  91  7:52  Marine  
  91  7:54  SCV x3  
  91  7:56  Orbital Command  
  91  7:57  Marine x6  
  82  8:10  Marine  
  82  8:12  Factory Reactor  
  80  8:22  Marine x6  
  86  8:27  SCV x2, Marine  
  89  8:39  Marine  
  89  8:40  Marine x4  
  94  8:42  Sensor Tower  
  94  8:43  Marine  
  94  8:44  Drilling Claws, Marine x2  
  94  8:47  SCV x3  
  100  8:56  Supply Depot  
  100  8:57  Supply Depot  
  100  9:00  Supply Depot  
  100  9:01  Supply Depot  
  100  9:02  Marine  
  101  9:11  Marauder, Widow Mine x2  
  82  9:18  Marine x2  
  82  9:21  Medivac, Widow Mine  
  81  9:33  Widow Mine x2  
  85  9:43  Marine  
  85  9:44  Marine x8  
  87  9:54  Widow Mine  
  84  10:01  SCV, Marine x4  
  84  10:02  Marine x5  
  93  10:11  Widow Mine x2  
  93  10:19  Widow Mine, Marine x3  
  91  10:22  Marine x5  
  91  10:23  Marine  
  91  10:27  SCV x2  
  91  10:28  SCV  
  99  10:32  Widow Mine  
  101  10:37  Terran Infantry Weapons Level 2, Marine x3, Terran Infantry Armor Level 2  
  101  10:40  Marine x3  
  107  10:50  Supply Depot  
  107  10:54  Sensor Tower  
  90  11:10  Marine x9  
  84  11:14  Medivac x2  
  83  11:27  Marine  
  83  11:28  Marine x8  
  83  11:31  Widow Mine x3  
  95  11:39  SCV  
  96  11:44  Medivac  
  96  11:45  Marine  
  96  11:46  Marine x6  
  99  11:57  Widow Mine x2  
  99  12:03  SCV  
  99  12:06  Refinery  
  99  12:08  Marine x2  
  102  12:09  Marine  
  102  12:10  Marauder, Marine x2  
  102  12:13  Widow Mine  
  109  12:18  Widow Mine x2  
  113  12:31  Marauder  
  115  12:50  Marine  
  115  12:51  Marine  
  117  12:53  Marauder  
  103  13:14  Marauder, Marine x2  
  103  13:16  Widow Mine x3, Marine x2  
  114  13:22  Barracks  
  114  13:23  Barracks  
  105  13:29  Marine x4  
  109  13:35  Marauder  
  109  13:37  Command Center, Widow Mine  
  109  13:41  Marine x3  
  109  13:42  Terran Infantry Weapons Level 3, Marine  
  109  13:43  Terran Infantry Armor Level 3  
  109  13:47  Marine x4  
  110  13:56  Marine  
  110  13:59  Marine x4  
  110  14:02  Widow Mine x2  
  119  14:03  Widow Mine  
  119  14:05  Marine x4  
  123  14:14  Marine  
  122  14:17  Marine x4  
  122  14:22  Marine x2  
  122  14:23  Marine x2  
  122  14:24  Widow Mine x3  
  136  14:26  Barracks Reactor  
  132  14:32  Marine  
  132  14:35  Marine x3  
  115  14:49  Marine  
  115  14:50  Marauder, Marine  
  95  14:57  Marine x5  
  95  14:58  Marine  
  101  15:07  Marine x2  
  101  15:12  Marauder  
  105  15:23  Ghost Academy, Refinery  
  105  15:26  SCV x2  
  105  15:27  SCV x2  
  109  15:33  Marauder  
  111  15:38  SCV  
  111  15:39  SCV x3  
  77  15:42  Marine  
  77  15:43  Marine  
  69  15:50  SCV  
  69  15:51  SCV  
  69  15:53  Marine x5  
  69  15:54  Marauder, Widow Mine x2  
  69  15:55  Widow Mine  
  80  16:02  Marine x2  
  80  16:03  Marine x2  
  84  16:11  Marine x5  
  78  16:16  Marauder, Widow Mine  
  78  16:17  Marine  
  83  16:20  Marine  
  83  16:32  Marine  
  79  16:37  Marauder  
  81  16:44  Widow Mine x2, Marine x2  
  83  16:58  Marauder, Marine x2  
  70  17:09  Marine x4  
  70  17:14  Marine x3  
  77  17:16  Widow Mine  
  77  17:20  Marauder  
  81  17:27  Marine x2  
  81  17:41  Marauder  
  81  17:42  Marine x3  
  68  17:49  Marine x3  
  71  17:56  SCV x2  
  73  18:03  Marauder  
  75  18:24  Marauder  
  75  18:31  Widow Mine x2  
  75  18:34  Orbital Command  
  78  18:42  Marine  
Show
View Real Time Build Order
Export as new Build Order

Sorandom Zerg - Winner!

Build Orders: Pool First, Muta Ling Bane 

Get SALT Encoding   

  12  0:02  Drone  
  13  0:12  Overlord  
  13  0:19  Drone  
  14  0:30  Drone x2  
  14  0:34  Drone  
  17  0:45  Drone  
  18  0:51  Spawning Pool  
  17  1:09  Extractor  
  16  1:12  Hatchery  
  16  1:15  Drone  
  16  1:17  Drone  
  17  1:21  Drone  
  18  1:28  Overlord  
  18  1:39  Zergling x2  
  19  1:48  Queen  
  19  1:51  Drone  
  22  2:02  Drone  
  22  2:04  Baneling Nest  
  22  2:11  Drone  
  23  2:23  Drone  
  23  2:24  Queen  
  23  2:27  Queen  
  27  2:41  Zergling x4  
  29  2:46  Drone  
  29  2:47  Drone x2  
  32  2:57  Drone x3  
  35  3:10  Drone  
  35  3:12  Overlord x3  
  36  3:19  Lair  
  36  3:27  Baneling x4  
  36  3:31  Zergling x4  
  36  3:33  Drone x2  
  40  3:46  Metabolic Boost  
  40  3:48  Drone x5  
  43  4:03  Drone x5  
  43  4:08  Drone  
  43  4:09  Drone x2  
  50  4:17  Drone  
  50  4:18  Drone x4  
  50  4:22  Extractor  
  54  4:31  Extractor  
  54  4:37  Evolution Chamber  
  54  4:38  Zergling x6  
  55  4:39  Evolution Chamber  
  55  4:43  Spore Crawler  
  53  4:49  Drone, Hatchery, Spore Crawler  
  53  4:50  Extractor, Drone x2  
  53  4:51  Drone  
  53  4:52  Drone  
  55  5:02  Baneling x3  
  55  5:03  Baneling  
  55  5:05  Zergling x2  
  55  5:06  Zergling x6  
  56  5:20  Zergling x2  
  56  5:21  Zergling x4  
  56  5:29  Zergling x2  
  56  5:33  Zergling x10  
  56  5:34  Queen  
  59  5:41  Queen  
  60  5:53  Zerg Melee Weapons Level 1, Zerg Ground Armor Level 1  
  60  5:54  Baneling x2  
  60  6:01  Drone x5  
  65  6:07  Overseer  
  65  6:15  Drone  
  65  6:16  Overlord  
  65  6:17  Overlord x3  
  66  6:25  Centrifical Hooks  
  66  6:28  Infestation Pit  
  66  6:29  Baneling x2  
  66  6:31  Zergling x2  
  66  6:34  Queen x2  
  66  6:35  Drone x4  
  74  6:41  Zergling x8  
  74  6:42  Zergling x2  
  79  6:51  Drone x5  
  79  6:53  Spore Crawler  
  83  6:57  Drone  
  83  6:58  Drone x2  
  86  7:09  Spire, Overlord x2  
  86  7:10  Zergling x2, Queen  
  86  7:11  Zergling x4  
  90  7:17  Infestation Pit  
  89  7:23  Baneling x3  
  89  7:24  Zergling x8  
  89  7:28  Extractor, Drone  
  93  7:30  Extractor  
  93  7:36  Zergling x4  
  94  7:39  Baneling x6  
  94  7:44  Zergling x4  
  96  7:51  Zergling x2  
  96  7:52  Zergling x2  
  95  8:04  Zergling x2  
  95  8:05  Zergling x22  
  102  8:07  Zergling x2  
  102  8:14  Zergling x2  
  102  8:18  Drone x2  
  102  8:23  Baneling x15  
  102  8:24  Overlord x2  
  102  8:31  Zerg Melee Weapons Level 2  
  102  8:32  Zerg Ground Armor Level 2  
  102  8:34  Baneling x2  
  102  8:35  Baneling x6, Overlord  
  102  8:37  Zergling x4  
  104  8:47  Hatchery  
  103  8:51  Mutalisk x5  
  103  8:54  Zerg Flyer Weapons Level 1  
  113  9:06  Overseer  
  109  9:16  Mutalisk x3  
  98  9:18  Zergling x20  
  108  9:38  Mutalisk x4  
  108  9:45  Zergling x12  
  111  9:46  Zergling x2  
  111  9:51  Zergling x2  
  112  9:55  Zergling x4  
  112  9:57  Zergling x4  
  112  10:00  Zergling x6  
  112  10:04  Zergling x2  
  108  10:14  Zergling x2  
  108  10:15  Zergling x10  
  108  10:19  Zergling x2  
  108  10:20  Zergling x6  
  115  10:25  Zergling x8  
  115  10:26  Zergling x4  
  113  10:29  Baneling  
  113  10:30  Baneling x15  
  113  10:31  Zergling x2  
  112  10:42  Zergling x10  
  117  10:43  Zergling x4  
  119  10:55  Zergling x12  
  124  11:03  Zergling x4  
  103  11:05  Zergling x4  
  103  11:11  Spore Crawler  
  94  11:13  Zergling x18  
  94  11:17  Mutalisk  
  94  11:18  Mutalisk  
  103  11:23  Zergling x2  
  103  11:24  Zergling x6  
  104  11:28  Zergling x4  
  106  11:33  Zergling x4  
  108  11:42  Zergling x4  
  108  11:43  Zergling x2  
  107  11:52  Zergling x2  
  102  12:02  Mutalisk x9  
  102  12:06  Baneling x7  
  102  12:07  Baneling  
  119  12:14  Zerg Flyer Armor Level 1  
  119  12:19  Hive  
  119  12:25  Drone x6  
  119  12:26  Drone  
  125  12:37  Overlord x4  
  125  12:50  Zergling x4  
  127  12:51  Overlord x2  
  109  13:22  Zergling x2  
  109  13:23  Zergling x28  
  116  13:28  Overseer x3  
  116  13:34  Mutalisk x4  
  120  13:52  Drone  
  119  14:04  Zergling x16  
  119  14:05  Zergling x4, Hatchery  
  125  14:12  Drone x2  
  125  14:17  Spine Crawler  
  116  14:19  Spine Crawler  
  116  14:21  Spine Crawler  
  109  14:40  Ultralisk Cavern  
  91  14:47  Zergling x24  
  88  15:07  Baneling  
  88  15:08  Baneling x5  
  88  15:12  Zergling x12  
  88  15:13  Zergling x4  
  93  15:15  Baneling x8  
  93  15:16  Baneling x4  
  93  15:20  Zergling x8  
  97  15:21  Overseer x3  
  97  15:29  Zergling x2  
  97  15:30  Zergling x4  
  100  15:41  Ultralisk x4  
  100  15:42  Zergling x4  
  114  15:46  Drone x2  
  114  15:48  Drone  
  114  15:49  Drone  
  114  15:50  Drone  
  114  15:58  Zergling x6  
  115  16:15  Zergling x8  
  115  16:16  Zergling x8  
  115  16:17  Drone  
  121  16:24  Corruptor  
  119  16:37  Baneling  
  119  16:38  Baneling x7  
  119  16:39  Drone  
  118  16:40  Drone x3  
  117  16:58  Zergling x18  
  122  17:05  Drone  
  122  17:06  Drone x3  
  126  17:16  Zergling x10  
  131  17:29  Extractor  
  130  17:30  Extractor  
  130  17:37  Zergling x22  
  133  17:45  Zergling x6  
  133  17:46  Baneling  
  133  17:47  Baneling x5  
  136  17:53  Drone x3  
  139  18:04  Overlord x2  
  139  18:12  Overlord  
  139  18:18  Overlord  
  138  18:37  Zergling x28  
  138  18:38  Zergling x10  
Tags
 
Add a new tag
Caveats
  • Supply blocks, unpowered buildings, or Contaminate may cause inaccurate times.
  • Supply counts are checked every 10 seconds.